 Dungeon Crawl Stone Soup version 0.16.0-17-g811c1d7 (webtiles) character file.

30 MDvedh the Caller (level 3, 0/26 HPs)
             Began as a Minotaur Summoner on Mar 22, 2015.
             Succumbed to an adder's poison
             ... on level 2 of the Dungeon.
             The game lasted 00:01:29 (1188 turns).

MDvedh the Caller (Minotaur Summoner)               Turns: 1188, Time: 00:01:29

Health: 0/26       AC:  9    Str: 13    XL:     3   Next: 5%
Magic:  3/3        EV:  6    Int: 12    God:
Gold:   25         SH:  0    Dex: 10    Spells: 1 memorised, 3 levels left

rFire  . . .     SeeInvis .     o - +0 whip
rCold  . . .     Clarity  +     n - +0 chain mail
rNeg   . . .     SustAb   .     (no shield)
rPois  .         Gourm    .     (helmet restricted)
rElec  .         Spirit   .     (no cloak)
rCorr  .         Warding  .     (no gloves)
rMut   .         Stasis   .     (no boots)
MR     .....                    (no amulet)
Stlth  ..........               (no ring)
                                (no ring)

@: lethally poisoned (0 -> -11), flying, not resistant to hostile enchantments,
extremely unstealthy
A: retaliatory headbutt, horns 2, clarity
a: no special abilities


You were on level 2 of the Dungeon.
You were hungry.

You visited 1 branch of the dungeon, and saw 2 of its levels.

You collected 25 gold pieces.

Inventory:

Hand weapons
 h - a +0 dagger
 o - a +0 whip (weapon)
Armour
 a - a +0 robe
 n - a +0 chain mail (worn)
Scrolls
 e - a scroll of enchant armour {unknown}
 g - 2 scrolls of amnesia {unknown}
 i - a scroll of magic mapping {unknown}
 l - a scroll of remove curse {unknown}
 m - 2 scrolls of identify {unknown}
Books
 b - a book of Callings

   Spells                             Type                      Level
   a - Summon Small Mammal            Summoning                    1
   b - Call Imp                       Summoning                    2
   c - Call Canine Familiar           Summoning                    3
   d - Summon Guardian Golem          Hexes/Summoning              4
   e - Summon Lightning Spire         Summoning/Air                4
   f - Summon Ice Beast               Ice/Summoning                4
Comestibles
 c - a bread ration
 d - a beef jerky
 k - a meat ration


   Skills:
 + Level 1.2 Maces & Flails
 - Level 2.9 Armour
 - Level 2.1 Dodging
 - Level 1.5 Stealth
 - Level 1.3 Spellcasting
 - Level 2.9 Summonings


You had 3 spell levels left.
You knew the following spells:

 Your Spells              Type           Power        Failure   Level  Hunger
a - Summon Small Mammal   Summ           #...         100%        1    ##.....


Dungeon Overview and Level Annotations

Branches:
Dungeon (2/15)

Altars:


Innate Abilities, Weirdness & Mutations

You reflexively headbutt those who attack you in melee.
You have a pair of horns on your head.
You possess an exceptional clarity of mind.


Message History

Drink which item? (? for menu, Esc to quit)
You don't have any such object.
Drink which item? (? for menu, Esc to quit)
It was a potion of flight.
You feel very buoyant.
You fly up into the air.
* * * LOW HITPOINT WARNING * * *
You feel sick. The adder barely misses you.
You miss the adder. Your headbutt misses the adder.
The adder is heavily wounded.
* * * LOW HITPOINT WARNING * * *
You feel sick. The adder bites you but does no damage. The adder bites you.
* * * LOW HITPOINT WARNING * * *
You miss the adder.
The adder is heavily wounded.
* * * LOW HITPOINT WARNING * * *
You feel sick. The adder bites you but does no damage.
You closely miss the adder.
The adder is moderately wounded.
You die...

#.# ..#.##
....#### #......
#..... #....
#.###...#######
#.............#
#.@S# ##..# ###
#..## #.. #...#
#.########
#...###.#.....<#
##...##.##.#####
#.#.##.##.#
#.#..#.##.#
#.##.#.##.#####


You could see an adder.

Vanquished Creatures
  A giant mite (D:1)
  2 giant geckos (D:1)
  6 goblins (D:1)
  A hobgoblin (D:1)
  A ball python (D:1)
  5 bats (D:1)
  4 kobolds (D:1)
  2 rats (D:1)
22 creatures vanquished.

Notes
Turn   | Place    | Note
--------------------------------------------------------------
     0 | D:1      | MDvedh, the Minotaur Summoner, began the quest for the Orb.
     0 | D:1      | Reached XP level 1. HP: 14/14 MP: 2/2
     2 | D:1      | Noticed a formicid
     4 | D:1      | Noticed a tengu
     4 | D:1      | Noticed a demigod
     6 | D:1      | Noticed a gargoyle
     6 | D:1      | Noticed a vampire
     8 | D:1      | Noticed a demonspawn
     8 | D:1      | Noticed a merfolk
    12 | D:1      | Noticed a human
    12 | D:1      | Noticed an octopode
    14 | D:1      | Noticed an elf
    14 | D:1      | Noticed a minotaur
    16 | D:1      | Noticed a ghoul
    16 | D:1      | Noticed a centaur
    18 | D:1      | Noticed a draconian
    18 | D:1      | Noticed a naga
    20 | D:1      | Noticed a felid
    22 | D:1      | Noticed a dwarf
    22 | D:1      | Noticed a troll
    24 | D:1      | Noticed a vine stalker
    24 | D:1      | Noticed an ogre
    26 | D:1      | Noticed a spriggan
    71 | D:1      | Reached skill level 1 in Armour
   542 | D:1      | Reached XP level 2. HP: 11/20 MP: 2/2
   919 | D:1      | Reached skill level 1 in Maces & Flails
   919 | D:1      | Reached XP level 3. HP: 26/26 MP: 3/3
  1184 | D:2      | Gained mutation: You possess an exceptional clarity of mind. [potion of beneficial mutation]
  1187 | D:2      | HP: 1/26 [poisoned by an adder]
  1188 | D:2      | Succumbed to an adder's poison

Action                   || total
-------------------------++-------
Melee: Dagger            ||    55
       Unarmed           ||    10
       Whip              ||    24
  Use: Potion            ||     2
